[Event "*** SCC Grand Prix: Titled Tuesday Blitz"]
[Site "Chess.com"]
[Date "2020.07.14"]
[Round "7"]
[White "GianmarcoVaR"]
[Black "tan275"]
[Result "1-0"]
[WhiteElo "2504"]
[BlackElo "2263"]
[TimeControl "180+1"]
[EndTime "11:19:52 PDT"]
[Termination "GianmarcoVaR won on time"]

1. d4 d5 2. c4 e6 3. Nf3 Nf6 4. g3 dxc4 5. Bg2 c5 6. O-O Nc6 7. Qa4 Bd7 8. Qxc4 b5 9. Qd3 c4 10. Qd1 Bd6 11. Nc3 Rb8 12. d5 exd5 13. Nxd5 O-O 14. Bg5 Bf5 15. Nh4 Bg6 16. Nxf6+ gxf6 17. Bh6 Nb4 18. Bxf8 Qxf8 19. e4 Bc5 20. Qg4 Nd3 21. Rab1 Rd8 22. Nf5 b4 23. h4 h5 24. Qe2 Qe8 25. Bf3 Qb5 26. Bxh5 Qb6 27. Bxg6 fxg6 28. Nh6+ Kg7 29. Ng4 Qd6 30. Kg2 c3 31. bxc3 bxc3 32. Rbd1 Qa6 33. Qf3 c2 34. Rxd3 Rxd3 35. Qe2 Ra3 36.
Qxc2 Qa5 37. Qb2 Qb6 38. Rb1 1-0

[Event "*** SCC Grand Prix: Titled Tuesday Blitz"]
[Site "Chess.com"]
[Date "2020.07.14"]
[Round "7"]
[White "platy3"]
[Black "kirillshevchenko"]
[Result "0-1"]
[WhiteElo "2767"]
[BlackElo "2936"]
[TimeControl "180+1"]
[EndTime "11:19:55 PDT"]
[Termination "kirillshevchenko won on time"]

1. e4 e5 2. Nf3 d6 3. d4 exd4 4. Nxd4 Nf6 5. Nc3 g6 6. g3 Bg7 7. Bg2 O-O 8. O-O Re8 9. h3 Bd7 10. Be3 Nc6 11. Qd2 Ne5 12. Qe2 c5 13. Nb3 Be6 14.
Rfd1 Qe7 15. Nd2 Nc6 16. Nc4 Rad8 17. Nd5 Bxd5 18. exd5 Nd4 19. Qd3 Nf5 20. Bf4 Nh5 21. Bd2 b5 22. Na5 c4 23. Qf1 Nd4 24. Nc6 Nxc6 25.
dxc6 Bxb2 26. Rab1 Bd4 27. Kh2 Qf6 28. Be1 a6 29. a4 Rxe1 30. Rxe1 Bxf2 31. Re2 Bxg3+ 32. Kg1 Qd4+ 33. Kh1 Be5 34. Qe1 Ng3+ 35. Qxg3 Bxg3 0-1

[Event "*** SCC Grand Prix: Titled Tuesday Blitz"]
[Site "Chess.com"]
[Date "2020.07.14"]
[Round "7"]
[White "rududuyk"]
[Black "Chessalary"]
[Result "1-0"]
[WhiteElo "2080"]
[BlackElo "2179"]
[TimeControl "180+1"]
[EndTime "11:19:55 PDT"]
[Termination "rududuyk won by checkmate"]

1. e4 c5 2. Nc3 e6 3. Nf3 d5 4. d4 dxe4 5. Nxe4 cxd4 6. Nxd4 Nf6 7. Nxf6+ Qxf6 8. Nb5 Na6 9. Nd6+ Bxd6 10. Qxd6 Qe7 11. Qg3 O-O 12. Bd3 f5 13. O-O Nc5 14. Bg5 Qf7 15.
Rfe1 Nxd3 16. Qxd3 h6 17. Bf4 g5 18. Be5 Bd7 19.
Bc3 Bc6 20. Qd4 Kh7 21. Qe5 Rfe8 22. Rad1 Bd5 23. Bd4 Rac8 24. Re2 a5 25. b3 b5 26. c3 a4 27. bxa4 bxa4 28. a3 Qe7 29. Rde1 Qf7 30. Qd6 Rc6 31. Qb4 Rc4 32. Qd6 Rec8 33. h3 R8c6 34. Qe5 Qf8 35. Rb2 Rc7 36. Rb6 R4c6 37. Reb1 Rxb6 38. Rxb6 Rb7 39. Rxb7+ Bxb7 40. Qc7+ Kg6 41.
Qxb7 Qxa3 42. Qg7+ Kh5 43. Qf7+ Kh4 44. g3+ Kxh3 45. Qh5# 1-0

[Event "*** SCC Grand Prix: Titled Tuesday Blitz"]
[Site "Chess.com"]
[Date "2020.07.14"]
[Round "7"]
[White "JoakimVonAnd"]
[Black "EfM13"]
[Result "1-0"]
[WhiteElo "2451"]
[BlackElo "2251"]
[TimeControl "180+1"]
[EndTime "11:19:56 PDT"]
[Termination "JoakimVonAnd won on time"]

1. d4 d6 2. Nf3 Nf6 3. Bf4 g6 4. e3 Bg7 5. c4 O-O 6. Nc3 b6 7.
h3 Bb7 8. Be2 Nbd7 9. O-O Ne4 10.
Nxe4 Bxe4 11. Nd2 Bb7 12. Bf3 Qc8 13. Rc1 e5 14. dxe5 dxe5 15. Bh2 Nc5 16. Bxb7 Qxb7 17. Qc2 Rad8 18. Rcd1 a5 19. Bg3 e4 20. a3 a4 21.
Nb1 Nd3 22. Nc3 Ra8 23. Rd2 Qc6 24. Nd5 Kh8 25. Nxc7 Rac8 26. Nb5 Qxc4 27. Nc3 Nxb2 28.
Qxb2 Qxc3 29. Qxc3 Rxc3 30. Rb1 Rfc8 31. Rxb6 Rxa3 32.
Rb7 Ra1+ 33. Kh2 Kg8 34. Rdd7 a3 35. Rxf7 Bc3 36. Rxh7 Ra8 37. Rhc7 a2 38. Ra7 Rh1+ 39. Kxh1 1-0

[Event "*** SCC Grand Prix: Titled Tuesday Blitz"]
[Site "Chess.com"]
[Date "2020.07.14"]
[Round "7"]
[White "szachuspl"]
[Black "tdf98pantani"]
[Result "0-1"]
[WhiteElo "2516"]
[BlackElo "2683"]
[TimeControl "180+1"]
[EndTime "11:19:57 PDT"]
[Termination "tdf98pantani won on time"]

1. d4 d5 2. c4 e6 3. Nf3 Nf6 4. Nc3 c6 5. Bg5 Nbd7 6. e3 h6 7. Bh4 Be7 8. Bd3 O-O 9. O-O b6 10. Rc1 Bb7 11. cxd5 cxd5 12. h3 a6 13. Bg3 b5 14.
Qe2 Rc8 15. Rc2 Nb6 16. Rfc1 Nc4 17. Ne5 Qa5 18. Qe1 Bb4 19. a3 Bxc3 20. bxc3 Qxa3 21. Ra1 Qe7 22. f3 Nxe5 23. Bxe5 Nd7 24. Bg3 e5 25. Bf5 e4 26. fxe4 dxe4 27. Bh4 g5 28.
Bg3 Rc6 29. Rf2 Nb6 30. Qe2 Bc8 31. Raf1 Bxf5 32. Rxf5 f6 33. Qh5 Qg7 34. h4 Nd7 35. hxg5 hxg5 36. d5 Rxc3 37. d6 Rxe3 38. Qd1 Rd3 39. Qa1 Rxg3 40. Qxa6 Qf7 41. Qxb5 Qe6 42.
Qb2 e3 43. Qe2 Kg7 44. Ra5 Qxd6 45. Ra7 Rf7 0-1

[Event "*** SCC Grand Prix: Titled Tuesday Blitz"]
[Site "Chess.com"]
[Date "2020.07.14"]
[Round "7"]
[White "AttackSparrow"]
[Black "benko_008"]
[Result "1-0"]
[WhiteElo "2320"]
[BlackElo "2422"]
[TimeControl "180+1"]
[EndTime "11:19:57 PDT"]
[Termination "AttackSparrow won on time"]

1. e4 c5 2. c3 Nf6 3. e5 Nd5 4. d4 cxd4 5. cxd4 e6 6. Nf3 d6 7. Bc4 Nc6 8. O-O Be7 9. Bd2 O-O 10. Nc3 Nxc3 11. Bxc3 dxe5 12. dxe5 Qb6 13. Qe2 Rd8 14. h4 Bd7 15. a3 Na5 16. Bd3 Nb3 17. Rad1 Bc6 18. h5 a5 19. Rfe1 a4 20. Bc2 Rxd1 21. Rxd1 Rd8 22. h6 g6 23. Rd3 Bf8 24. Bxb3 Rxd3 25.
Qxd3 Qxb3 26. Qd2 Bxf3 27. gxf3 Qd5 28. Qf4 Be7 29. Kg2 b5 30. Bb4 g5 31. Qg4 Bd8 32.
Bd6 f5 33. Qh5 Qc6 34. Kh2 Qd7 35. f4 Qf7 36. Qd1 Qg6 37. fxg5 Bxg5 38. Bc5 Bxh6 39. Qd8+ 1-0

[Event "*** SCC Grand Prix: Titled Tuesday Blitz"]
[Site "Chess.com"]
[Date "2020.07.14"]
[Round "7"]
[White "swimmerchess"]
[Black "PavelShkapenko"]
[Result "1-0"]
[WhiteElo "2821"]
[BlackElo "2595"]
[TimeControl "180+1"]
[EndTime "11:19:58 PDT"]
[Termination "swimmerchess won by resignation"]

1. e4 c5 2. Nf3 e6 3. d4 cxd4 4.
Nxd4 Nf6 5. Nc3 Nc6 6. Ndb5 Bb4 7.
a3 Bxc3+ 8. Nxc3 d5 9. exd5 exd5 10. Bd3 d4 11. Ne4 Bf5 12. Nd6+ Qxd6 13. Bxf5 O-O 14.
O-O Rfe8 15. Bg5 Qd5 16. Qd3 Ne4 17. Bxe4 Rxe4 18. f3 Re6 19. Bf4 Rae8 20. Rad1 a5 21. Rd2 Qc5 22. Rfd1 h6 23. Bg3 Re3 24. Qf1 Ne5 25.
Bf2 Nc4 26. Rxd4 Nxb2 27. Rd8 Qc7 28. R1d7 Qe5 29. Bxe3 Qxe3+ 30. Kh1 Rxd8 31. Rxd8+ Kh7 32. Rd7 Qxa3 33. Rxb7 f6 34. h4 Qc3 35. h5 a4 36. Kh2 a3 37. Qb5 Qxc2 38. Qd7 1-0

[Event "*** SCC Grand Prix: Titled Tuesday Blitz"]
[Site "Chess.com"]
[Date "2020.07.14"]
[Round "7"]
[White "HouseOfDurin"]
[Black "DinaBelenkaya"]
[Result "1-0"]
[WhiteElo "2036"]
[BlackElo "2260"]
[TimeControl "180+1"]
[EndTime "11:19:59 PDT"]
[Termination "HouseOfDurin won by checkmate"]

1. d4 Nf6 2. Bg5 d5 3. Bxf6 exf6 4. e3 c6 5. c4 dxc4 6. Bxc4 Nd7 7. Nc3 f5 8. Nge2 Nf6 9. O-O Bd6 10. g3 O-O 11. a3 Re8 12. Qc2 Qe7 13. Bd3 g6 14. b4 a6 15. Na4 h5 16. Nb6 h4 17. Nxa8 Qd8 18. a4 Be6 19. b5 Qxa8 20. bxc6 Bd5 21. cxb7 Bxb7 22. Nc3 Bh1 23. d5 Nxd5 24. Nxd5 Bxd5 25.
Rfd1 Be5 26. Rac1 Kg7 27. Bf1 hxg3 28. hxg3 Rh8 29. Rxd5 Qxd5 30. Bg2 Qd8 31. Qc5 Qd2 32. Qxe5+ f6 33. Qc3 Qa2 34. Qc7+ Kh6 35. Qc2 Qa3 36.
Bf3 Rd8 37. Kg2 Kg5 38. Qc4 f4 39. Qxf4# 1-0

[Event "*** SCC Grand Prix: Titled Tuesday Blitz"]
[Site "Chess.com"]
[Date "2020.07.14"]
[Round "7"]
[White "Tekushka"]
[Black "PrinceMurad09"]
[Result "0-1"]
[WhiteElo "2355"]
[BlackElo "2515"]
[TimeControl "180+1"]
[EndTime "11:20:00 PDT"]
[Termination "PrinceMurad09 won on time"]

1. d4 Nf6 2. c4 c5 3. d5 b5 4. cxb5 a6 5. bxa6 g6 6. Nc3 Bg7 7. e4 Qa5 8. Bd2 Bxa6 9. Bxa6 Qxa6 10. Nge2 O-O 11. O-O d6 12. Bg5 Nbd7 13. Qd2 Rfb8 14. b3 Qa5 15. Rab1 Qb4 16. f3 Ne5 17. a4 Kf8 18. Nb5 Qxd2 19. Bxd2 Ne8 20. Bc3 Nd7 21. Bxg7+ Kxg7 22. Nec3 g5 23. Rfc1 Ne5 24. Kf1 h5 25.
Ke2 Rb7 26. g3 g4 27. f4 Nf3 28. h3 Nf6 29. hxg4 hxg4 30. Rh1 Nd4+ 31. Kd3 Nf3 32. Ke3 Ra6 33. Rbd1 Kg6 34. Rb1 Nh5 35. Kf2 e6 36.
Rbd1 e5 37. f5+ Kg5 38. Rb1 Rb8 39. Ne2 Nf6 40. Nec3 Nd2 41. Ke3 Nf3 42. Rb2 Nh5 43. Rg2 Nd4 44. Rb1 Kf6 45. Rbb2 Kg7 46. Rb1 Rh8 47. Rbb2 Nf6 48. Rh2 Rh3 49. Rxh3 gxh3 50. Kf2 Ng4+ 51. Kg1 Nf3+ 52. Kh1 Kf6 0-1

[Event "*** SCC Grand Prix: Titled Tuesday Blitz"]
[Site "Chess.com"]
[Date "2020.07.14"]
[Round "7"]
[White "sasko1234"]
[Black "allvim"]
[Result "1-0"]
[WhiteElo "2403"]
[BlackElo "2248"]
[TimeControl "180+1"]
[EndTime "11:20:00 PDT"]
[Termination "sasko1234 won by resignation"]

1. b3 e5 2. Bb2 d6 3. d4 exd4 4. Qxd4 Nc6 5. Qd2 Nf6 6. Nc3 Bf5 7. O-O-O Qd7 8. e4 Bg6 9. f3 O-O-O 10. Nge2 Kb8 11. Nd4 Nxd4 12. Qxd4 a6 13. Bc4 h5 14. h4 Be7 15. Kb1 Rhe8 16. Ne2 Qc6 17. Nf4 Bh7 18.
Bxf7 Rf8 19. Bc4 Bg8 20. Bxg8 Rxg8 21. Qd3 Rde8 22. a4 Nd7 23. Nxh5 g6 24. Nf4 g5 25.
hxg5 Rxg5 26. Nd5 Rxg2 27. Rdg1 Rxg1+ 28. Rxg1 Nc5 29. Qd4 Bd8 30. Rh1 Rf8 31. Rh8 Qe8 32.
Rxf8 Qxf8 33. f4 Qe8 34. e5 Ne6 35. Qe4 c6 36. Nf6 Bxf6 37. exf6 Qf7 38. f5 Nc5 39.
Qe7 Qe6 1-0

[Event "*** SCC Grand Prix: Titled Tuesday Blitz"]
[Site "Chess.com"]
[Date "2020.07.14"]
[Round "7"]
[White "chesslh19"]
[Black "KonstantinB_1983"]
[Result "0-1"]
[WhiteElo "2134"]
[BlackElo "2410"]
[TimeControl "180+1"]
[EndTime "11:20:00 PDT"]
[Termination "KonstantinB_1983 won by resignation"]

1. e4 d5 2. exd5 Qxd5 3. Nc3 Qd6 4. d4 Nf6 5. Nf3 a6 6. Be3 Bg4 7. h3 Bh5 8. g4 Bg6 9. Bg2 Nc6 10. Qd2 Ne4 11. Nxe4 Bxe4 12. c3 Qd5 13. Qe2 e6 14. O-O Be7 15. Ne1 Bxg2 16. Nxg2 h5 17. Nf4 Qe4 18.
Qd3 Qxd3 19. Nxd3 hxg4 20. hxg4 Rh4 21. f3 O-O-O 22. Kg2 Rhh8 23. Rh1 Rhg8 24. Rad1 Bd6 25. Bg5 f6 26. Bf4 Rde8 27. Bxd6 cxd6 28. Rde1 Kd7 29.
f4 b6 30. Kf3 Ne7 31. Rh2 g5 32. Rh7 Ref8 33. Kg3 d5 34. f5 Rh8 35. fxe6+ Kd6 36. Rxh8 Rxh8 37. Rf1 Kxe6 38. Nb4 a5 39. Nd3 Ng6 40.
Re1+ Kd6 41. Rf1 Ke6 42. Re1+ Kf7 43. Rf1 Ne7 44. Ne5+ Ke6 45. Nd3 f5 46. gxf5+ Nxf5+ 47. Kg2 Ne3+ 0-1

[Event "*** SCC Grand Prix: Titled Tuesday Blitz"]
[Site "Chess.com"]
[Date "2020.07.14"]
[Round "7"]
[White "Batica1984"]
[Black "GMNickPert"]
[Result "1-0"]
[WhiteElo "2879"]
[BlackElo "2693"]
[TimeControl "180+1"]
[EndTime "11:20:01 PDT"]
[Termination "Batica1984 won by checkmate"]

1. e4 c5 2. Nc3 Nc6 3. Bb5 Nd4 4. Nge2 Nxb5 5. Nxb5 d6 6. d4 a6 7. Nbc3 cxd4 8.
Qxd4 Nf6 9. Bg5 e5 10. Qd3 Be7 11. O-O-O O-O 12. Bxf6 Bxf6 13. Qxd6 Qa5 14. Nd5 Bg5+ 15. Kb1 Be6 16. Qxe5 Bd8 17. Nef4 Bxd5 18. Nxd5 Kh8 19. Rd3 Rc8 20. Rhd1 Rc6 21. Qd4 b5 22. Qb4 Qxb4 23.
Nxb4 Rc8 24. Nxa6 Bb6 25. f3 g6 26. Nb4 Bc5 27. Nd5 Kg7 28. a3 h5 29. Rb3 Rb8 30. Nc3 b4 31. axb4 Bxb4 32. Nd5 Bd6 33. Rxb8 Bxb8 34. h3 f5 35. exf5 gxf5 36. c4 Kf7 37. Kc2 Rg8 38. Rd2 Ke6 39. b4 Be5 40. Kb3 Ra8 41.
f4 Bd6 42. c5 Bb8 43. Kc4 Ra1 44. Re2+ Kd7 45. Re7+ Kd8 46. Rf7 Ba7 47. Rxf5 Kd7 48.
Rf7+ Kc8 49. Kb5 h4 50. Kc6 Bxc5 51. bxc5 Kb8 52. Nb6 Re1 53. Rb7# 1-0

[Event "*** SCC Grand Prix: Titled Tuesday Blitz"]
[Site "Chess.com"]
[Date "2020.07.14"]
[Round "7"]
[White "Harsha_Bharathakoti"]
[Black "kingnb"]
[Result "1-0"]
[WhiteElo "2783"]
[BlackElo "2559"]
[TimeControl "180+1"]
[EndTime "11:20:01 PDT"]
[Termination "Harsha_Bharathakoti won by resignation"]

1. d4 d6 2. Nf3 Nf6 3. Nc3 g6 4. e4 Bg7 5. Be2 O-O 6. h3 c5 7. dxc5 dxc5 8. Be3 b6 9. O-O Qxd1 10. Rfxd1 Nc6 11.
a3 Nd7 12. Bb5 Nde5 13. Nxe5 Nxe5 14. Nd5 e6 15. Ne7+ Kh8 16. f4 a6 17. Be2 Bb7 18. fxe5 Rad8 19. Bf4 h6 20. b4 Rfe8 21. Rxd8 Rxd8 22.
bxc5 bxc5 23. Rb1 Rd7 24. Nxg6+ fxg6 25. Bc4 Bxe4 26. Rb8+ Kh7 27. Bxe6 Rd1+ 28. Kf2 g5 29. Bg8+ Kg6 30. Rb6+ Kf5 31. Be3 h5 32. e6 Bf6 33.
Bh7+ Ke5 34. Bxe4 Kxe4 35. e7 Bxe7 36. Re6+ Kd5 37. Rxe7 1-0

[Event "*** SCC Grand Prix: Titled Tuesday Blitz"]
[Site "Chess.com"]
[Date "2020.07.14"]
[Round "7"]
[White "Gandrade2"]
[Black "DishonorOnYourCow"]
[Result "1-0"]
[WhiteElo "2129"]
[BlackElo "2320"]
[TimeControl "180+1"]
[EndTime "11:20:01 PDT"]
[Termination "Gandrade2 won on time"]

1. d4 Nf6 2. c4 g6 3. Nc3 d5 4. cxd5 Nxd5 5. Bd2 Bg7 6. e4 Nxc3 7. Bxc3 O-O 8. Bc4 c5 9. d5 Bxc3+ 10. bxc3 Qa5 11.
Qd2 b5 12. Bd3 a6 13. h4 c4 14. Bc2 Qc7 15. h5 e6 16. d6 Qd7 17. e5 Bb7 18. f3 Nc6 19. Ne2 Nxe5 20. Qe3 f6 21. Rd1 Rad8 22. Nf4 g5 23. Nh3 Qf7 24. h6 Kh8 25. Nxg5 fxg5 26. Qxe5+ Qf6 27. Qg3 e5 28. Rh5 Rxd6 29. Rxd6 Qxd6 30. Qxg5 Rg8 31. Qf5 Qe7 32.
Kf2 Bc8 33. Qe4 Re8 34. Rxe5 Qa7+ 35. Qe3 Qxe3+ 36. Rxe3 Rd8 37. Re2 Bd7 38. Rd2 Kg8 39. Bf5 b4 40. cxb4 c3 41. Bxh7+ 1-0

[Event "*** SCC Grand Prix: Titled Tuesday Blitz"]
[Site "Chess.com"]
[Date "2020.07.14"]
[Round "7"]
[White "Nayemhaque22"]
[Black "Caterpiller35"]
[Result "1/2-1/2"]
[WhiteElo "2234"]
[BlackElo "2441"]
[TimeControl "180+1"]
[EndTime "11:20:02 PDT"]
[Termination "Game drawn - insufficient material"]

1. e4 c5 2. Nf3 Nc6 3. Bb5 g6 4. O-O Bg7 5. c3 Nf6 6. Re1 O-O 7. d4 d5 8. e5 Ne4 9. Nbd2 Bf5 10. Nxe4 dxe4 11.
Bxc6 bxc6 12. Nh4 cxd4 13. cxd4 c5 14. Nxf5 gxf5 15. Be3 cxd4 16. Qxd4 Qxd4 17. Bxd4 Rfd8 18. Rad1 Rd5 19. Bc3 Rad8 20. Rxd5 Rxd5 21. f3 Bxe5 22. fxe4 Bxc3 23. bxc3 Re5 24. Kf2 fxe4 25. Ke3 f5 26. g4 e6 27. Rd1 Ra5 28. Rd7 Rxa2 29. gxf5 exf5 30. Rd5 Rxh2 31. Rxf5 Rh3+ 32. Kd4 Rd3+ 33.
Kc4 Rf3 34. Re5 e3 35. Kd4 Kf7 36. c4 Kf6 37. Re8 h5 38. c5 Kf7 39. Re5 h4 40.
c6 Rf6 41. Kd5 Rf1 42. Rxe3 Rd1+ 43. Kc5 Rc1+ 44. Kd6 Kf6 45. Ra3 Rd1+ 46. Kc7 Rg1 47. Kb7 Rb1+ 48. Kxa7 Kg5 49. Rc3 Rf1 50. c7 Rf8 51.
Rd3 Kg4 52. Rd8 Rf7 53. Rg8+ Kf3 54. Kb6 Rxc7 55. Kxc7 h3 56. Rh8 Kg2 57. Kd7 h2 58. Rxh2+ Kxh2 1/2-1/2

[Event "*** SCC Grand Prix: Titled Tuesday Blitz"]
[Site "Chess.com"]
[Date "2020.07.14"]
[Round "7"]
[White "PavelChernomordik"]
[Black "Mbneu"]
[Result "1/2-1/2"]
[WhiteElo "2339"]
[BlackElo "2215"]
[TimeControl "180+1"]
[EndTime "11:20:02 PDT"]
[Termination "Game drawn by repetition"]

1. e4 c5 2. Nc3 a6 3. f4 b5 4. g3 Bb7 5. Qe2 b4 6. Nd1 e6 7. Bg2 Nf6 8. e5 Bxg2 9. Qxg2 Nd5 10. c4 bxc3 11. dxc3 Nc6 12. Nf3 Be7 13. O-O O-O 14. Ne3 Nxe3 15. Bxe3 f6 16. Rad1 fxe5 17. Nxe5 Nxe5 18.
fxe5 Qc7 19. Qe4 Rxf1+ 20. Rxf1 Rf8 21. Rd1 Rf5 22. Bf4 g5 23. Qa8+ Kf7 24. Be3 Qxe5 25.
Re1 c4 26. Bf2 Qd5 27. Qxd5 exd5 28. Kg2 Bf6 29. g4 Rf4 30. h3 Re4 31. Rd1 Ke6 32.
Kf3 Rf4+ 33. Kg3 h6 34. Be3 Re4 35. Kf3 Be5 36. Rh1 Bf4 37. Bd4 Kd6 38. h4 Kc6 39. hxg5 Bxg5 40. Rd1 Rf4+ 41. Kg3 Re4 42. Kf3 a5 43. a4 Be7 44. Be3 Bg5 45. Bd4 Re6 46. Rh1 Re4 47. Rd1 1/2-1/2

[Event "*** SCC Grand Prix: Titled Tuesday Blitz"]
[Site "Chess.com"]
[Date "2020.07.14"]
[Round "7"]
[White "FairChess_on_YouTube"]
[Black "AryanTari"]
[Result "1-0"]
[WhiteElo "3000"]
[BlackElo "2876"]
[TimeControl "180+1"]
[EndTime "11:20:03 PDT"]
[Termination "FairChess_on_YouTube won on time"]

1. e4 e5 2. Nf3 Nc6 3. Nc3 Nf6 4. Bb5 Nd4 5. O-O Nxb5 6. Nxb5 c6 7. Nc3 d6 8. d4 Qc7 9. a4 a5 10. b3 Be7 11. Bb2 O-O 12. Qd3 Re8 13. Rad1 Bg4 14.
h3 Bh5 15. dxe5 dxe5 16. Ne2 Bc5 17.
Ng3 Bg6 18. Nh4 Rad8 19. Qc4 Bf8 20. Bc3 Nd7 21. Ngf5 Nc5 22. Nxg6 hxg6 23. Ne3 Ne6 24. Ng4 Bd6 25. Rd2 b5 26. axb5 cxb5 27. Qxb5 Qxc3 28. Rxd6 Nd4 29. Rxd8 Rxd8 30. Qxe5 Qxc2 31. Qxa5 Ne2+ 32.
Kh2 Rb8 33. Ra1 Qxe4 34. Qc7 Re8 35. Ra7 Rf8 36. Qe5 Qd3 37. Re7 Nc3 38. Re8 1-0

[Event "*** SCC Grand Prix: Titled Tuesday Blitz"]
[Site "Chess.com"]
[Date "2020.07.14"]
[Round "7"]
[White "Ashedu66"]
[Black "ZverevLev"]
[Result "1-0"]
[WhiteElo "2199"]
[BlackElo "2323"]
[TimeControl "180+1"]
[EndTime "11:20:04 PDT"]
[Termination "Ashedu66 won on time"]

1. d4 Nf6 2. Nf3 e6 3. c4 d5 4. Nc3 dxc4 5. e4 b5 6. e5 Nd5 7. Nxb5 Nb6 8. Nc3 Nc6 9. Bg5 Be7 10. Bxe7 Qxe7 11. Be2 Bb7 12. O-O O-O-O 13. a4 Na5 14.
Qc2 Nb3 15. a5 Nxa1 16. Rxa1 Nd5 17. a6 Bc6 18. Bxc4 Nf4 19. Ne4 Ba8 20. Bf1 g5 21. Rc1 g4 22. Nfd2 Rhg8 23. Nc5 Nh3+ 24. Kh1 Nxf2+ 25.
Kg1 Nh3+ 26. Kh1 Rxd4 27. Ndb3 Rf4 28. Nb7 Nf2+ 29. Kg1 g3 30. h3 Bxb7 31. axb7+ Kxb7 32. Na5+ Kb8 33. Qc6 Kc8 34. Qa8+ Kd7 35. Bb5+ 1-0

[Event "*** SCC Grand Prix: Titled Tuesday Blitz"]
[Site "Chess.com"]
[Date "2020.07.14"]
[Round "7"]
[White "Margarita2907"]
[Black "MVM2008"]
[Result "0-1"]
[WhiteElo "2082"]
[BlackElo "2225"]
[TimeControl "180+1"]
[EndTime "11:20:04 PDT"]
[Termination "MVM2008 won by resignation"]

1. e4 e5 2. Nf3 Nc6 3. Bc4 Nf6 4. d3 Bc5 5. O-O d6 6. c3 Be6 7. Nbd2 O-O 8. a4 a5 9. h3 Kh8 10. Re1 Nh5 11. Nf1 g6 12. Bxe6 fxe6 13. Be3 Bxe3 14.
Nxe3 Nf4 15. d4 Qf6 16. d5 Ne7 17. dxe6 Qxe6 18. Kh2 h6 19. b4 b6 20. bxa5 Rxa5 21. Nd2 Nd3 22. Rf1 Raa8 23. Nf3 Nc5 24. Qc2 Qb3 25.
Qxb3 Nxb3 26. Ra3 Nc5 27. Nd5 Nxd5 28. exd5 Rxa4 29. Rfa1 Rfa8 30. Rxa4 Rxa4 31. Rxa4 Nxa4 32. Nd2 Nxc3 33. Kg3 Nxd5 34. Kf3 Nf6 35. Nc4 Kg7 36. Ke3 Kf7 37. f4 exf4+ 38. Kxf4 Ke6 39. Ke3 Kd5 40.
Nd2 c5 41. Nf3 g5 42. Nd2 b5 0-1

[Event "*** SCC Grand Prix: Titled Tuesday Blitz"]
[Site "Chess.com"]
[Date "2020.07.14"]
[Round "7"]
[White "dodorox"]
[Black "ChessBitl"]
[Result "0-1"]
[WhiteElo "2130"]
[BlackElo "2307"]
[TimeControl "180+1"]
[EndTime "11:20:05 PDT"]
[Termination "ChessBitl won on time"]

1. d4 Nf6 2. c4 g6 3. Nc3 Bg7 4. e4 d6 5. Nf3 O-O 6. h3 e5 7.
d5 a5 8. Be3 Na6 9. g4 Nc5 10.
Nd2 Ne8 11. Rg1 Bf6 12. g5 Bg7 13. h4 f5 14. h5 Rf7 15. Qc2 f4 16. Bxc5 dxc5 17.
hxg6 hxg6 18. Be2 Nd6 19. O-O-O Bd7 20. Bg4 Bxg4 21. Rxg4 Qd7 22. Rh4 Kf8 23. Rdh1 Ke7 24. Qd3 Rg8 25. Rh7 Bf8 26. Nf3 Qg4 27. Nxe5 Qg2 28.
Rxf7+ Nxf7 29. Rh7 Qg1+ 30. Nd1 Rg7 31. Rxg7 Bxg7 32.
Nxf7 Kxf7 33. Qh3 Qe1 34. Qe6+ Kf8 35. Qxg6 Bxb2+ 36. Kxb2 Qd2+ 37. Kb1 Qxd1+ 38. Kb2 Qd2+ 39. Kb1 Qe1+ 40. Kb2 Qxf2+ 41. Kb1 Qf1+ 42. Kb2 Qe2+ 43. Kb1 Qd1+ 44. Kb2 Qd4+ 45. Kb1 Qd3+ 46. Kb2 Qd4+ 47.
Kb1 f3 48. Qf5+ Kg7 49. Qxf3 a4 50. Qf6+ Qxf6 51. gxf6+ Kxf6 52. Kc2 Ke5 53. Kd3 a3 54. Ke3 b6 55. Kd3 Kf4 56. Kc3 Kxe4 57. Kb3 Kd4 0-1

[Event "*** SCC Grand Prix: Titled Tuesday Blitz"]
[Site "Chess.com"]
[Date "2020.07.14"]
[Round "7"]
[White "MateSchmate"]
[Black "tsvet2005"]
[Result "0-1"]
[WhiteElo "2407"]
[BlackElo "2589"]
[TimeControl "180+1"]
[EndTime "11:20:06 PDT"]
[Termination "tsvet2005 won by checkmate"]

1. e4 c5 2. Be2 g6 3. f4 Bg7 4. Nf3 d6 5. d3 Nc6 6. c3 Nf6 7. O-O O-O 8. Na3 Rb8 9. Be3 b5 10. Nc2 b4 11. h3 bxc3 12. bxc3 Nh5 13. Qe1 Qa5 14. d4 cxd4 15. cxd4 Qxe1 16. Rfxe1 Bh6 17.
f5 Bxe3+ 18. Nxe3 gxf5 19. Nxf5 Bxf5 20. exf5 Nf4 21. Bc4 Rb4 22. Rac1 Na5 23. Bf1 Rb2 24. g3 Nd5 25. Re2 Rfb8 26. Rcc2 Rxc2 27. Rxc2 Rb1 28. Re2 Nc4 29. Kf2 Nce3 30. Nd2 Rd1 31. Rxe3 Rxd2+ 32. Re2 Rxd4 33. Bg2 Kf8 34. Rb2 Nb6 35. Bf3 Rc4 36.
g4 Rc5 37. Kg3 e6 38. Be4 d5 39. Bb1 h6 40. h4 Ke7 41. Rb4 Rc4 42. Rb5 Rc3+ 43. Kf4 Kd6 44. f6 e5+ 45. Kf5 Rf3# 0-1

[Event "*** SCC Grand Prix: Titled Tuesday Blitz"]
[Site "Chess.com"]
[Date "2020.07.14"]
[Round "7"]
[White "Tolya2"]
[Black "Flawless_Fighter"]
[Result "0-1"]
[WhiteElo "2393"]
[BlackElo "2563"]
[TimeControl "180+1"]
[EndTime "11:20:06 PDT"]
[Termination "Flawless_Fighter won by resignation"]

1. Nf3 Nf6 2. d4 d5 3. c4 e6 4. e3 Be7 5. a3 O-O 6. Nbd2 c5 7.
dxc5 Bxc5 8. b4 Be7 9. Bb2 a5 10. b5 Nbd7 11. Be2 Nc5 12. O-O a4 13. Rc1 b6 14.
Ne5 Bb7 15. Ndf3 Nb3 16. Rb1 Rc8 17. cxd5 Nxd5 18. Nd4 Bf6 19. Nec6 Bxc6 20. Nxc6 Qc7 21.
Bxf6 Nxf6 22. Bc4 Nc5 23. Qd4 e5 24. Qh4 e4 25. Rfd1 Rfe8 26. Rd2 h6 27. Rbd1 Nb7 28. h3 Na5 29. Nxa5 bxa5 30. Rd4 Qc5 31. Ra1 Red8 32.
Rxd8+ Rxd8 33. Bf1 Qc3 34. Rb1 Qxa3 35. b6 Qa2 36.
Rb5 Qe6 37. Qf4 Nd5 38. Qg3 Nxb6 39. Qc7 Rd6 40. Rxa5 g6 41. g3 h5 42. Kg2 h4 43.
Qd8+ Rxd8 44. g4 Rd2 45. Ra6 Qd6 46. Bb5 a3 47. Be8 Kg7 48. Ra7 Qf6 49. Rxf7+ Qxf7 50. Bxf7 Kxf7 0-1

[Event "*** SCC Grand Prix: Titled Tuesday Blitz"]
[Site "Chess.com"]
[Date "2020.07.14"]
[Round "7"]
[White "Sanan_Sjugirov"]
[Black "Igor_Lysyj"]
[Result "1-0"]
[WhiteElo "2977"]
[BlackElo "2803"]
[TimeControl "180+1"]
[EndTime "11:20:08 PDT"]
[Termination "Sanan_Sjugirov won on time"]

1. d4 d5 2. c4 e6 3. Nf3 dxc4 4. e4 b5 5. a4 c6 6. Nc3 Bb4 7. Be2 Bb7 8. O-O a6 9. d5 cxd5 10. axb5 axb5 11. Rxa8 Bxa8 12. Nxb5 Ne7 13. Qa4 Nbc6 14. exd5 exd5 15. Rd1 O-O 16. Bxc4 Qb6 17. Be3 Bc5 18. Bxc5 Qxc5 19. Bf1 Bb7 20. Qf4 Ba6 21. Nbd4 Bxf1 22. Rxf1 Qb4 23. Qe3 Qxb2 24. Nxc6 Nxc6 25. Qc5 Nb4 26.
h3 h6 27. Rd1 Qb3 28. Rd2 Qb1+ 29. Kh2 Ra8 30. Qb5 Qb3 31. Rd4 Ra4 32. Qb8+ Kh7 33. Rh4 f6 34. Rg4 h5 35. Rh4 Qd3 36. Qe8 1-0

[Event "*** SCC Grand Prix: Titled Tuesday Blitz"]
[Site "Chess.com"]
[Date "2020.07.14"]
[Round "7"]
[White "chessdjw"]
[Black "AttilaTurzo"]
[Result "1-0"]
[WhiteElo "2660"]
[BlackElo "2487"]
[TimeControl "180+1"]
[EndTime "11:20:08 PDT"]
[Termination "chessdjw won by checkmate"]

1. d4 Nf6 2. c4 g6 3. Nc3 d5 4. cxd5 Nxd5 5. e4 Nxc3 6. bxc3 Bg7 7.
Nf3 c5 8. h3 O-O 9. Be3 Nc6 10.
Be2 Qa5 11. O-O Rd8 12. d5 Bxc3 13. Rc1 Nd4 14. Nxd4 cxd4 15. Bxd4 Bxd4 16. Qxd4 Qxa2 17. Bf3 Qa3 18. e5 Qa5 19. Rc5 Qb6 20. Be4 Bd7 21. Rb1 Qa6 22. Rc7 Rab8 23. Qc5 Kf8 24. d6 exd6 25. exd6 Kg8 26. Bd5 Qd3 27. Rb3 Qf5 28.
Rf3 Qb1+ 29. Kh2 Qb6 30. Bxf7+ Kg7 31. Qe5+ Kh6 32. Qf4+ Kg7 33. Qf6+ Kh6 34. Rc4 Bg4 35. Rxg4 Qxd6+ 36. Qxd6 Rxd6 37. Bc4 Rd7 38. Rh4+ Kg7 39. Rhf4 b5 40. Rf7+ Rxf7 41. Rxf7+ Kh6 42. Bd3 a5 43. f4 b4 44. g4 g5 45. Rxh7# 1-0